 Dungeon Crawl Stone Soup version 0.32-a0-814-g0968bab981 (webtiles) character file.

Game seed: 17651805239888165035

115411 snarfax the Warrior (level 16, -1/160 HPs)
             Began as a Mountain Dwarf Berserker on Mar 20, 2024.
             Was a High Priest of Trog.
             Killed from afar by a thorn hunter (29 damage)
             ... with a volley of thorns
             ... on level 1 of the Swamp on Mar 27, 2024.
             The game lasted 01:13:33 (30542 turns).

snarfax the Warrior (Mountain Dwarf Berserker)     Turns: 30542, Time: 01:13:34

Health: -1/160     AC: 28    Str: 34    XL:     16   Next: 18%
Magic:  0/16       EV: 10    Int:  8    God:    Trog [*****.]
Gold:   2255       SH: 13    Dex: 15    Spells: 15/15 levels left

rFire   . . .        Q - +3 broad axe (elec)
rCold   . . .        v - +2 kite shield
rNeg    . . .        C - +4 plate armour
rPois   .            g - +0 helmet
rElec   .            s - +0 cloak
rCorr   .            t - +0 pair of gloves
SInv    .            u - +1 pair of boots
Will    +++..        y - amulet of guardian spirit Stlth
                     T - +6 ring of dexterity
HPRegen 1.46/turn    I - +6 ring of strength
MPRegen 0.15/turn

%: guardian spirit
@: strong-willed, regenerating
A: runic magic, artefact enchanting
a: Renounce Religion, Berserk, Trog's Hand, Brothers in Arms


You were on level 1 of the Swamp.
You worshipped Trog.
Trog was extremely pleased with you.
You visited 4 branches of the dungeon, and saw 23 of its levels.
You visited the Abyss 1 time.
You also visited: Gauntlet.

You collected 2255 gold pieces.

Inventory:

Hand Weapons
 N - a +1 scimitar of flaming
 Q - a +3 broad axe of electrocution (weapon)
 V - a +0 broad axe
 X - a +1 broad axe of distortion
Missiles
 o - 21 poisoned darts
 B - 12 boomerangs
 E - a javelin
 R - 2 curare-tipped darts (quivered)
Armour
 g - a +0 helmet (worn)
 s - a +0 cloak (worn)
 t - a +0 pair of gloves (worn)
 u - a +1 pair of boots (worn)
 v - a +2 kite shield (worn)
 C - a +4 plate armour (worn)
Jewellery
 k - a ring of positive energy
 y - an amulet of guardian spirit (around neck)
 I - a +6 ring of strength (right hand)
 J - a ring of see invisible
 L - a +6 ring of dexterity
 T - a +6 ring of dexterity (left hand)
 U - a ring of positive energy
 W - the ring of Veehyarad {+Blink rF- rC+ Str+6 Slay+3}
   (You found it on level 13 of the Dungeon)

   [ring of strength]

   Str+6:     It affects your strength (+6).
   Slay+3:    It affects your accuracy & damage with ranged weapons and melee
   (+3).
   rF-:       It makes you vulnerable to fire.
   rC+:       It protects you from cold.
   +Blink:    It lets you blink.
 Y - a ring of resist corrosion
Wands
 a - a wand of charming (25)
 b - a wand of polymorph (9)
 l - a wand of digging (6)
 n - a wand of warping (16)
 p - a wand of flame (89)
 G - a wand of mindburst (24)
Scrolls
 x - 8 scrolls of teleportation
 A - 4 scrolls of fear
 D - 2 scrolls of butterflies
 M - a scroll of fog
 P - 6 scrolls of identify
 S - a scroll of vulnerability
 Z - 2 scrolls of poison
Potions
 c - 2 potions of cancellation
 d - 4 potions of haste
 e - 2 potions of might
 f - a potion of resistance
 h - a potion of enlightenment
 i - 12 potions of curing
 j - a potion of ambrosia
 m - a potion of invisibility
 q - a potion of attraction
 r - 3 potions of mutation
 w - a potion of heal wounds
 z - 2 potions of lignification
 K - 3 potions of degeneration
Miscellaneous
 F - a phantom mirror
 H - a box of beasts
 O - a phial of floods


   Skills:
 + Level 19.3 Fighting
 - Level 18.0 Axes
 + Level 14.4 Armour
 + Level 7.9 Dodging
 - Level 10.0 Shields


You had 15 spell levels left.
You didn't know any spells.
Your spell library was empty.

Dungeon Overview and Level Annotations

Branches:
Dungeon (15/15)            Temple (0/1) D:6            Lair (5/5) D:8
  Swamp (1/4) Lair:3        Snake (0/4) Lair:2        Slime (0/5) Lair:4
    Orc (2/2) D:12            Elf (0/3) Orc:2        Vaults (0/5) D:13
 Depths (0/4) D:15        Gauntlet (visited)

Altars:
Ashenzari
Elyvilon
Gozag
Hepliaklqana
Makhleb
Nemelex Xobeh
Qazlal
Sif Muna
Trog
Vehumet
Xom
Yredelemnul
Beogh
Jiyva
Lugonu

Shops:
D:9 ?   Orc:2 *:?[

Portals:
Abyss: Lair:5
Pandemonium: Orc:2

Annotations:
D:13 2 transporters, Inta's ghost, journeyman TeAE


Innate Abilities, Weirdness & Mutations

Your spellcasting is much less encumbered by armour.
You can use scrolls of enchantment on lesser artefacts.


Message History

The thorn hunter fires a volley of thorns at you.
The volley of thorns hits you!
* * * LOW HITPOINT WARNING * * *
You slice the swamp dragon!!
You kill the swamp dragon!
Trog accepts your kill.
You barely miss the eleionoma.
The briar patch crumbles away. x5
The eleionoma hits you but does no damage.
The thorn hunter fires a volley of thorns at you.
The volley of thorns hits you!!
* * * LOW HITPOINT WARNING * * *
You feel much better.
The briar patch crumbles away. x4
The eleionoma hits you but does no damage.
You slice the eleionoma!!
You kill the eleionoma!
Trog accepts your kill.
You hear a splash.
An eleionoma bone magically twists into a wand of flame (8).
The briar patch crumbles away.
The thorn hunter fires a volley of thorns at you.
The volley of thorns hits you!!
* * * LOW HITPOINT WARNING * * *
Your ogre goes berserk!
The briar patch crumbles away.
The thorn hunter gestures.
Thorny briars emerge from the ground!
Your two-headed ogre goes berserk!
The briar patch crumbles away. x2
Your skin crawls.
You feel strong-willed.
The briar patch crumbles away. x2
Your ogre closely misses the thorn hunter.
The thorn hunter gestures.
Your two-headed ogre rages.
You hit the thorn hunter.
The thorn hunter is lightly damaged.
The briar patch crumbles away. x3
The thorn hunter fires a volley of thorns at you.
The volley of thorns hits you!!
You die...

.♣ ~~$ ~~~.♣.
♣♣♣.~~...~.♣ ♣
♣♣.~~~~P~... ♣.
♣♣♣♣♣..~~..♣~~.♣
~P.♣♣?♣~~..~.~.~~~~♣
~~P...>†fO.~.~.~§~.♣
~♣~~..§@O~~~~♣.♣...♣♣
.PP.~~†.§..~~~.~~~~~♣
♣PP)~§~~♣~~~.~..~~~.♣
♣P~~~♣~..≈≈♣~~~♣..~§♣♣
~P~.♣~~~♣≈≈≈≈..♣♣[..§♣
♣PPPP~PPP≈≈≈≈♣.♣♣♣.~~♣
♣P~PP.P♣≈≈≈≈≈≈♣♣
♣§~.♣♣ ♣..~~~~♣≈≈≈≈≈♣♣
♣.~~.♣ .~~.~♣~.≈≈≈♣~
♣~~~~♣


You could see a thorn hunter (ally target), a friendly two-headed ogre
(summoned, berserk) and a friendly ogre (summoned, berserk).

Vanquished Creatures
  Jorgrun (D:14)
  A Hell Sentinel (Abyss:2)
  A tentacled starspawn (Abyss:2)
  An Executioner (Abyss:2)
  A stone giant (D:15)
  A very ugly thing (Abyss:2)
  2 eleionomae
  A minotaur (Gauntlet)
  Snorg (Lair:4)
  The ghost of Elol the Basher, a journeyman DrRe of Nemelex Xobeh (Orc:1)
  4 vault guards (D:13)
  An entropy weaver (shapeshifter) (D:14)
  3 hydras (D:13)
  Erolcha (D:10)
  A catoblepas (Gauntlet)
  6 boulder beetles
  6 centaur warriors
  An alligator (Swamp:1)
  A dancing weapon (Orc:1)
  2 demonspawn (Orc:2)
  Erica (D:10)
  4 two-headed ogres
  5 tengu warriors
  A death knight (D:15)
  6 death yaks
  2 thrashing horrors (Lair:5)
  5 orc high priests (Orc:2)
  A wretched star (Abyss:2)
  A sixfirhy (Orc:2)
  8 skeletal warriors (D:14)
  A skyshark (Lair:4)
  An arcanist (D:13)
  A swamp dragon (Swamp:1)
  A spriggan druid (Swamp:1)
  A harpy (shapeshifter) (D:13)
  5 large abominations
  5 orc knights (Orc:2)
  A deep elf pyromancer (D:15)
  10 orc sorcerers
  4 ugly things (Lair:5)
  2 manticores
  4 cyclopes
  A worldbinder (Abyss:2)
  A salamander (Lair:2)
  10 elephants
  An ice statue (Gauntlet)
  An apocalypse crab (Gauntlet)
  9 black mambas
  11 cane toads
  A smoke demon (Lair:5)
  4 gargoyles
  A yaktaur (D:13)
  7 rime drakes
  An ice devil (Orc:2)
  2 freezing wraiths
  2 torpor snails
  2 kobold demonologists (D:11)
  3 unseen horrors
  3 komodo dragons
  4 polar bears
  A troll (shapeshifter) (Lair:5)
  2 hornets
  4 trolls
  A raiju (Lair:5)
  30 blink frogs
  8 slime creatures
  3 spriggans
  4 ynoxinuls
  2 shadows (D:11)
  3 wyverns
  A spriggan (shapeshifter) (D:14)
  A culicivora (shapeshifter) (D:13)
  5 wraiths
  15 small abominations
  2 vampires
  4 hogs (Lair:4)
  A warg (Orc:2)
  32 yaks
  5 basilisks (Lair:5)
  3 neqoxecs
  8 vampire mosquitoes
  7 starcursed masses (Abyss:2)
  2 steam dragons
  3 chaos spawn
  3 acid dragons
  4 swamp worms (Swamp:1)
  17 water moccasins
  41 orc warriors
  A sky beast (D:7)
  4 ogres
  3 black bears
  2 ice beasts
  5 wolves (Lair:1)
  A laughing skull (D:13)
  14 centaurs
  A phantom (D:7)
  2 weeping skulls (Abyss:2)
  2 kobold brigands
  3 gnoll sergeants
  A brain worm (shapeshifter) (D:13)
  11 bullfrogs
  5 scorpions
  16 wights
  16 killer bees
  2 electric eels
  7 howler monkeys
  3 lava snakes (Lair:2)
  16 jellies
  A bombardier beetle (D:7)
  27 orc priests
  Natasha (thrice) (D:3)
  4 iguanas
  23 orc wizards
  12 gnolls
  2 adders (D:4)
  3 white imps
  An ufetubus (Abyss:2)
  2 dart slugs
  3 ribbon worms
  90 orcs
  6 bats
  6 endoplasms
  2 giant cockroaches
  4 goblins
  4 hobgoblins
  4 jackals (D:4)
  3 quokkas
  6 ball pythons
  7 frilled lizards
  19 kobolds
  7 rats
  A spectral weapon (Swamp:1)
  A starspawn tentacle (Abyss:2)
739 creatures vanquished.

Vanquished Creatures (collateral kills)
  Kirke (Lair:4)
1 creature vanquished.

Vanquished Creatures (others)
  A bloated husk (Swamp:1)
  A starspawn tentacle (Abyss:2)
2 creatures vanquished.

Grand Total: 742 creatures vanquished

Notes
Turn   | Place    | Note
-------+----------+-------------------------------------------
     0 | D:1      | snarfax the Mountain Dwarf Berserker began the quest for
                  | the Orb.
     0 | D:1      | Reached XP level 1. HP: 19/19 MP: 1/1
   165 | D:1      | Reached XP level 2. HP: 16/26 MP: 2/2
   279 | D:1      | Upgraded the game from 0.32-a0-791-gfc315c9ecd to
                  | 0.32-a0-814-g0968bab981
   416 | D:1      | Reached ** piety under Trog
   526 | D:1      | Reached XP level 3. HP: 33/33 MP: 3/3
   782 | D:2      | Found a shimmering altar of Xom.
  1455 | D:3      | Noticed Natasha
  1459 | D:3      | Killed Natasha
  1460 | D:3      | Reached skill level 4 in Fighting
  1460 | D:3      | Reached XP level 4. HP: 40/40 MP: 4/4
  2084 | D:3      | Noticed Natasha
  2098 | D:3      | HP: 2/41 [cerulean imp/+2 spear[Natasha] (7)]
  2255 | D:3      | Killed Natasha
  2256 | D:3      | Reached XP level 5. HP: 20/47 MP: 1/5
  2840 | D:3      | Noticed Natasha
  2852 | D:3      | Killed Natasha
  2979 | D:4      | Reached *** piety under Trog
  3046 | D:4      | Reached skill level 5 in Axes
  3696 | D:5      | Entered Level 5 of the Dungeon
  3740 | D:5      | Noticed a water moccasin
  3758 | D:5      | Killed a water moccasin
  3759 | D:5      | Reached skill level 5 in Fighting
  3759 | D:5      | Reached XP level 6. HP: 30/56 MP: 2/6
  3766 | D:5      | HP: 1/56 [poisoned by a water moccasin]
  4042 | D:5      | Noticed an ice beast
  4053 | D:5      | Killed an ice beast
  4054 | D:5      | Reached skill level 5 in Armour
  4054 | D:5      | Reached XP level 7. HP: 34/62 MP: 2/7
  4246 | D:5      | You fall into a shaft and drop 1 floor!
  4248 | D:6      | Found a staircase to the Ecumenical Temple.
  4264 | D:6      | Reached skill level 6 in Fighting
  4389 | D:6      | Noticed a steam dragon
  4404 | D:6      | Killed a steam dragon
  4405 | D:6      | Reached XP level 8. HP: 50/71 MP: 2/8
  4583 | D:6      | Identified the +7 great mace "Bonyq" {flame, rC+}
  4687 | D:5      | Found a shimmering blue altar of Sif Muna.
  4737 | D:5      | Reached skill level 7 in Fighting
  4866 | D:5      | Found a hazy altar of Hepliaklqana.
  4929 | D:5      | Found a sparkling altar of Nemelex Xobeh.
  4929 | D:5      | Found a broken altar of Ashenzari.
  4930 | D:5      | Found a burning altar of Makhleb.
  6497 | D:7      | Reached XP level 9. HP: 77/80 MP: 9/9
  6499 | D:7      | Reached skill level 10 in Axes
  6557 | D:7      | Found a radiant altar of Vehumet.
  6683 | D:7      | Reached **** piety under Trog
  6782 | D:7      | Reached skill level 8 in Fighting
  7181 | D:7      | Found a stormy altar of Qazlal.
  7735 | D:8      | Noticed a troll
  7750 | D:8      | Killed a troll
  7751 | D:8      | Reached skill level 1 in Shields
  8029 | D:8      | Reached XP level 10. HP: 63/90 MP: 10/10
  8196 | D:8      | Found a staircase to the Lair.
  8391 | D:8      | Found a white marble altar of Elyvilon.
  8399 | D:8      | Found a shimmering altar of Xom.
  8460 | D:8      | Found a basalt altar of Yredelemnul.
  8952 | D:9      | Found Qeideago's Magic Scroll Boutique.
  9003 | D:9      | Reached skill level 9 in Fighting
  9586 | D:10     | Entered Level 10 of the Dungeon
  9760 | D:10     | Noticed a two-headed ogre
  9774 | D:10     | Killed a two-headed ogre
  9780 | D:10     | Noticed a two-headed ogre
  9790 | D:10     | Killed a two-headed ogre
  9807 | D:10     | Noticed Erolcha
  9995 | D:10     | Killed Erolcha
 10213 | D:10     | Reached skill level 5 in Shields
 10213 | D:10     | Reached XP level 11. HP: 65/99 MP: 11/11
 10669 | D:10     | Noticed Erica
 10685 | D:10     | Killed Erica
 10686 | D:10     | Reached skill level 10 in Fighting
 10983 | D:10     | Reached ***** piety under Trog
 11424 | Lair:1   | Entered Level 1 of the Lair of Beasts
 11449 | Lair:1   | Noticed a boulder beetle
 11483 | Lair:1   | Killed a boulder beetle
 11617 | Lair:1   | Reached skill level 10 in Armour
 11990 | Lair:1   | Noticed a death yak
 12004 | Lair:1   | Killed a death yak
 12088 | Lair:1   | Reached skill level 15 in Axes
 13080 | Lair:2   | Reached skill level 11 in Fighting
 13212 | Lair:2   | Reached XP level 12. HP: 84/110 MP: 12/12
 13941 | Lair:2   | Found a staircase to the Snake Pit.
 14310 | Lair:3   | Received a gift from Trog
 15523 | Lair:3   | Noticed an eleionoma
 15525 | Lair:3   | Reached skill level 12 in Fighting
 15531 | Lair:3   | Killed an eleionoma
 15611 | Lair:3   | Found a staircase to the Swamp.
 15958 | Lair:4   | Found a gate leading to a gauntlet.
 15978 | Gauntlet | Entered a Gauntlet
 15978 | Gauntlet | Found a transporter.
 15983 | Gauntlet | Noticed a catoblepas
 15993 | Gauntlet | Found a transporter.
 15995 | Gauntlet | Found a transporter.
 15995 | Gauntlet | Found a transporter.
 16029 | Gauntlet | Found a transporter.
 16057 | Gauntlet | Found a transporter.
 16075 | Gauntlet | Found a transporter.
 16079 | Gauntlet | Found a large runed translucent door.
 16079 | Gauntlet | Found a large runed translucent door.
 16081 | Gauntlet | Found a large runed translucent door.
 16081 | Gauntlet | Found a large runed translucent door.
 16081 | Gauntlet | Found a large runed translucent door.
 16082 | Gauntlet | Found a runed translucent door.
 16083 | Gauntlet | Found a transporter.
 16084 | Gauntlet | Found a runed translucent door.
 16085 | Gauntlet | Found a large runed translucent door.
 16085 | Gauntlet | Found a large runed translucent door.
 16085 | Gauntlet | Found a large runed translucent door.
 16086 | Gauntlet | Found a large runed translucent door.
 16087 | Gauntlet | Found a large runed translucent door.
 16137 | Gauntlet | Found a transporter.
 16139 | Gauntlet | Killed a catoblepas
 16558 | Gauntlet | Found a large runed translucent door.
 16560 | Gauntlet | Found a large runed translucent door.
 16560 | Gauntlet | Found a large runed translucent door.
 16564 | Gauntlet | Found a large runed translucent door.
 16565 | Gauntlet | Found a large runed translucent door.
 16566 | Gauntlet | Found a large runed translucent door.
 16592 | Gauntlet | Found a transporter.
 16601 | Gauntlet | Identified the amulet of the Antique Lime {RegenMP+ Int+2}
 16605 | Gauntlet | Found a transporter.
 16607 | Gauntlet | Found a transporter.
 16676 | Gauntlet | Noticed a minotaur
 16687 | Gauntlet | Killed a minotaur
 16688 | Gauntlet | Reached XP level 13. HP: 72/119 MP: 8/13
 16936 | Lair:4   | Found a viscous altar of Jiyva.
 16936 | Lair:4   | Found a staircase to the Slime Pits.
 17420 | Lair:4   | Noticed Snorg
 17451 | Lair:4   | Killed Snorg
 17490 | Lair:4   | Reached skill level 13 in Fighting
 17490 | Lair:4   | Reached skill level 10 in Shields
 17827 | Lair:4   | Received a gift from Trog
 17923 | Lair:4   | Noticed Kirke
 17972 | Lair:4   | Noticed a sphinx
 17974 | Lair:4   | Paralysed by a sphinx for 3 turns
 17993 | Lair:4   | Killed Kirke
 18195 | Lair:5   | Entered Level 5 of the Lair of Beasts
 18245 | Lair:4   | Reached skill level 14 in Fighting
 18536 | Lair:5   | Reached skill level 15 in Fighting
 18814 | Lair:5   | Found an opulent altar of Gozag.
 18871 | Lair:5   | Reached skill level 16 in Fighting
 19297 | Lair:5   | Reached XP level 14. HP: 126/138 MP: 12/14
 19530 | Lair:5   | Received a gift from Trog
 19886 | Lair:5   | Found a corrupted altar of Lugonu.
 19886 | Lair:5   | Found a one-way gate to the infinite horrors of the Abyss.
 20937 | D:11     | Reached skill level 17 in Fighting
 21371 | D:12     | Found a staircase to the Orcish Mines.
 22056 | D:13     | Noticed Inta's ghost (journeyman TeAE)
 22099 | D:13     | Received a gift from Trog
 22174 | D:13     | Found a transporter.
 22199 | D:13     | Found a transporter.
 22299 | Abyss:2  | Cast into level 2 of the Abyss (tengu warrior)
 22369 | Abyss:2  | Found a viscous altar of Jiyva.
 22373 | Abyss:2  | Found a viscous altar of Jiyva.
 22373 | Abyss:2  | Found a viscous altar of Jiyva.
 22374 | Abyss:2  | Noticed a red very ugly thing
 22384 | Abyss:2  | Killed a red very ugly thing
 22458 | Abyss:2  | Noticed a Hell Sentinel
 22483 | Abyss:2  | Killed a Hell Sentinel
 22653 | Abyss:2  | Found a hide-covered altar of Uskayaw.
 22678 | Abyss:2  | Noticed a revenant
 22688 | Abyss:2  | Noticed a tentacled starspawn
 22697 | Abyss:2  | Killed a tentacled starspawn
 22698 | Abyss:2  | Reached skill level 5 in Dodging
 22709 | Abyss:2  | Found a corrupted altar of Lugonu.
 22717 | Abyss:2  | Noticed an Executioner
 22730 | Abyss:2  | Killed an Executioner
 22905 | D:13     | Escaped the Abyss
 23489 | D:13     | Reached XP level 15. HP: 136/149 MP: 12/15
 23497 | D:13     | Identified the +10 morningstar "Roddetol" {protect, *Noise
                  | rCorr Int+3 Dex+2}
 23503 | D:13     | Identified the +4 battleaxe "Hithrepop" {pain, +Blink rF+
                  | Dex-4}
 23676 | D:13     | Reached skill level 18 in Fighting
 23682 | D:13     | Found a gate to the Vaults.
 24241 | D:13     | Identified the ring of Veehyarad {+Blink rF- rC+ Str+6
                  | Slay+3}
 25292 | D:14     | Found the +0 mask of the Dragon {Will+ Slay+3 SInv}
 25594 | D:15     | Entered Level 15 of the Dungeon
 25594 | D:15     | Noticed Jorgrun
 25815 | D:14     | Killed Jorgrun
 26164 | D:15     | Found a bloodstained altar of Trog.
 26628 | D:15     | Found a staircase to the Depths.
 27030 | Orc:1    | Entered Level 1 of the Orcish Mines
 27321 | Orc:1    | Paralysed by an orc sorcerer for 3 turns
 27385 | Orc:1    | Found a runed translucent door.
 27385 | Orc:1    | Found a shimmering altar of Xom.
 27385 | Orc:1    | Noticed Elol's ghost (journeyman DrRe)
 27404 | Orc:1    | Killed Elol's ghost
 27406 | Orc:1    | Identified the +3 arbalest "Pitrughu" {elec, Fly rElec}
 27788 | Orc:2    | Entered Level 2 of the Orcish Mines
 28152 | Orc:2    | Found a staircase to the Elven Halls.
 28225 | Orc:2    | Received a gift from Trog
 28427 | Orc:2    | Found Icref's Magic Scroll Emporium.
 28434 | Orc:2    | Found Qixzer's General Store.
 28775 | Orc:2    | Reached skill level 19 in Fighting
 28944 | Orc:2    | Found a roughly hewn altar of Beogh.
 29572 | Orc:2    | Paralysed by an orc sorcerer for 2 turns
 29587 | Orc:2    | Received a gift from Trog
 29588 | Orc:2    | Reached XP level 16. HP: 111/158 MP: 1/16
 29807 | Orc:2    | Paralysed by an orc sorcerer for 3 turns
 29931 | Orc:2    | Found Efinir's Antique Armour Shop.
 29931 | Orc:2    | Found Lukhiest's Book Boutique.
 29932 | Orc:2    | Found a one-way gate leading to the halls of Pandemonium.
 30185 | Swamp:1  | Entered Level 1 of the Swamp
 30316 | Swamp:1  | Identified the serpent talisman of Follow the Leader {rC++
                  | Will- Stlth+}
 30520 | Swamp:1  | Noticed a thorn hunter
 30542 | Swamp:1  | Killed from afar by a thorn hunter

Illustrated notes

Levels and vault maps discovered:
D:1:      dpeg_arrival_more_subterranean_lakeside_camping, layout_basic
D:2:      layout_rooms, basic_altar, kennysheep_big_empty_room
D:3:      cheibrodos_pilgrimage, layout_basic, uniq_natasha
D:4:      layout_basic, minivault_23
D:5:      layout_basic, nicolae_overflow_hidden_temple,
          mainiacjoe_overflow_boulevard, nzn_hepliaklqana_mist_gate,
          lemuel_flame_loot_1
D:6:      layout_loops_ring, temple_statues
D:7:      layout_basic, mainiacjoe_overflow_24_doors, lemuel_crystal_altar
D:8:      layout_gridville, lemuel_tele_altar, amcnicky_altar_gilded,
          kennysheep_little_box, dpeg_oklobed_lair, nicolae_zig_zag_zippers
D:9:      layout_cave_pools, serial_shops, nicolae_shop_waterfront,
          minmay_misc_feat_doors, dreamdust_princess_bridge
D:10:     minmay_recursive_quarters, layout_stronghold, uniq_erolcha, uniq_erica
D:11:     layout_irregular_city
D:12:     layout_basic, david_orc_2
D:13:     layout_loops_ring, lightli_vaults_fourway_checkpoint, special_room
          [special_room_orc], gammafunk_ghost_berserking_beasts,
          minmay_hedge_maze, hangedman_decor_slide_cut,
          minmay_hollow_rounded_squares
D:14:     layout_rooms, dk_noncrumbling_3
D:15:     grunt_enter_depths_snipers, layout_irregular_city,
          trog_three_pillars_becter, uniq_jorgrun
Lair:1:   layout_loops_ring, serial_rivers, chequers_serial_rivers_room_a,
          chequers_serial_rivers_room_b, chequers_serial_rivers_room_b,
          chequers_serial_rivers_micro_c, serial_bayou_shore_a
Lair:2:   layout_roguey, nicolae_snake_entry_warm_welcome,
          bh_autumn_forest_stairs
Lair:3:   layout_loops_ring, alex1729_swamp_entry_worm_eleionoma
Lair:4:   layout_small_grid, minmay_slime_entry_jelly_boxes,
          gauntlet_entry_generic, lemuel_fruit_tree, uniq_snorg, uniq_kirke
Lair:5:   hellmonk_lair_end_abyssal_woods, layout_regular_city, basic_altar,
          lemuel_fruit_fields, grunt_megastairs_5
Swamp:1:  layout_falls_marsh, evilmike_swamp_ruin_rubble_1, swamp_pool_1_2,
          cheibrodos_swamp_witchery, infiniplex_staircase_pool
Orc:1:    layout_caves, ebering_ghost_xom
Orc:2:    pf_orc_diabolical, layout_diamond_mine, nicolae_orc_beogh_chapel

Skill      XL: |  1  2  3  4  5  6  7  8  9 10 11 12 13 14 15 |
---------------+----------------------------------------------+-----
Axes           | 4 5 6 7 9 11 13 15 17 18 | 18.0
Fighting       | 4 5 6 7 8 9 11 12 16 17 19 | 19.3
Armour         | 3 4 5 7 8 9 10 12 14 | 14.4
Dodging        | 2 5 7 |  7.9
Shields        | 2 5 7 9 10 | 10.0

Action                     |  1- 3 |  4- 6 |  7- 9 | 10-12 | 13-15 | 16-18 || total
---------------------------+-------+-------+-------+-------+-------+-------++-------
  Melee: Hand axe          |    78 |       |       |       |       |       ||    78
         Whip              |    51 |    19 |       |       |       |       ||    70
         Short sword       |    45 |       |       |       |       |       ||    45
         War axe           |       |   110 |   296 |   271 |       |       ||   677
         Unarmed           |       |     7 |       |       |     8 |       ||    15
         Broad axe         |       |       |       |   277 |  1200 |    84 ||  1561
         Scimitar          |       |       |       |       |    21 |       ||    21
  Throw: Dart              |       |    26 |     5 |    17 |    18 |       ||    66
         Throwing net      |       |     1 |       |       |       |       ||     1
         Javelin           |       |       |       |       |     9 |       ||     9
 Invoke: Berserk           |     1 |     2 |     4 |     4 |     5 |       ||    16
         Brothers in Arms  |       |       |       |       |     6 |     2 ||     8
         Trog's Hand       |       |       |       |       |     3 |     1 ||     4
  Evoke: Box of beasts     |       |       |       |       |     1 |       ||     1
    Use: Scroll            |     3 |     6 |     4 |    19 |    13 |       ||    45
         Potion            |       |     1 |       |     3 |       |     3 ||     7
   Stab: Invisible         |       |     2 |       |       |       |       ||     2
         Distracted        |       |       |       |       |     2 |       ||     2
 Armour: Leather armour    |    24 |       |       |       |       |       ||    24
         Ring mail         |    87 |     9 |       |       |       |       ||    96
         Skin              |       |    26 |       |       |     3 |       ||    29
         Scale mail        |       |     9 |       |       |       |       ||     9
         Chain mail        |       |    71 |   314 |     6 |       |       ||   391
         Plate armour      |       |       |       |   436 |   784 |    77 ||  1297
  Dodge: Dodged            |    84 |    66 |   123 |    94 |   294 |    21 ||   682
  Block: Kite shield       |       |       |    38 |   274 |   742 |    56 ||  1110

Table legend: (Time is in decaauts)
 A = Elapsed time spent in this place.
 B = Non-inter-level travel time spent in this place.
 C = Inter-level travel time spent in this place.
 D = Time resting spent in this place.
 E = Time spent auto-exploring this place.
 F = Levels seen in this place.
 G = Mean time per level.
                   A        B        C        D        E       F      G
               +--------+--------+--------+--------+--------+-----+--------+
         Total |  30493 |  29433 |   1060 |   3645 |  20410 |  25 | 1219.7 |
       Dungeon |  17544 |  16881 |    663 |   1953 |  11942 |  15 | 1169.6 |
          Lair |   8179 |   7912 |    267 |    581 |   6121 |   5 | 1635.8 |
         Swamp |    359 |    359 |      0 |     94 |    172 |   1 |  359.0 |
  Orcish Mines |   2951 |   2823 |    128 |    512 |   1828 |   2 | 1475.5 |
         Abyss |    588 |    588 |      0 |    196 |    177 |   1 |  588.0 |
      Gauntlet |    870 |    870 |      0 |    308 |    169 |   1 |  870.0 |
               +--------+--------+--------+--------+--------+-----+--------+

Top non-repeatable levels by time:
    D:13: 2001 daAuts
  Lair:5: 1968 daAuts
   Orc:2: 1832 daAuts
    D:10: 1723 daAuts
  Lair:1: 1711 daAuts
  Lair:3: 1671 daAuts
     D:5: 1669 daAuts
  Lair:4: 1593 daAuts
     D:3: 1440 daAuts
    D:14: 1258 daAuts
  Lair:2: 1233 daAuts
     D:8: 1218 daAuts
     D:7: 1191 daAuts
     D:6: 1125 daAuts
   Orc:1: 1119 daAuts
